Map: Dusk Towers

Players

LiquidTLO (TLO)

  • Race: Zerg Zerg
  • League: Master

Probe - Winner!

  • Race: Protoss Protoss
  • League: Master

Event: DreamHack ZOWIE Open Leipzig

VOD

https://www.youtube.com/watch?v=J88__WJLPn8

Description

Time

  • Played on: Jan. 22, 2016, 8:38 a.m.
  • Length: 11:02

All games in this series

Show
View Real Time Build Order
Export as new Build Order

LiquidTLO Zerg 

Build Orders: Hatch First, Lurkers 

Get SALT Encoding   

  12  0:00  Drone  
  13  0:12  Overlord  
  13  0:17  Drone  
  14  0:31  Drone x2  
  17  0:35  Drone  
  17  0:52  Hatchery  
  17  0:54  Drone  
  17  0:57  Drone  
  18  1:11  Spawning Pool  
  17  1:14  Drone  
  18  1:34  Hatchery  
  18  1:39  Drone  
  18  1:40  Drone  
  18  1:42  Drone  
  20  1:58  Queen  
  22  2:04  Queen  
  22  2:06  Overlord  
  24  2:09  Drone  
  25  2:16  Drone x2  
  25  2:17  Drone  
  28  2:26  Drone x2  
  30  2:34  Queen  
  32  2:37  Overlord  
  32  2:38  Zergling x2  
  32  2:43  Drone  
  34  2:46  Drone  
  34  2:49  Queen  
  37  2:55  Overlord  
  37  2:57  Queen  
  39  3:00  Drone  
  39  3:02  Drone  
  39  3:05  Drone, Extractor x2  
  41  3:09  Drone  
  41  3:10  Drone  
  42  3:14  Overlord  
  42  3:16  Drone  
  42  3:19  Drone x2  
  45  3:23  Drone x2  
  47  3:28  Drone  
  47  3:33  Drone  
  47  3:34  Drone x2  
  50  3:35  Drone  
  50  3:37  Drone  
  50  3:39  Drone  
  54  3:43  Drone  
  54  3:44  Overlord, Drone  
  54  3:45  Drone  
  57  3:48  Drone  
  57  3:51  Zergling x2  
  57  3:54  Metabolic Boost  
  58  3:57  Drone, Extractor  
  58  3:58  Overlord, Extractor  
  57  4:03  Drone  
  57  4:06  Drone  
  59  4:11  Hatchery  
  59  4:14  Drone  
  59  4:16  Drone  
  61  4:19  Drone  
  61  4:21  Drone  
  61  4:22  Drone x4  
  67  4:26  Drone  
  67  4:28  Zergling x2  
  67  4:29  Drone x2  
  71  4:32  Drone  
  71  4:33  Roach Warren  
  71  4:37  Hatchery  
  71  4:38  Drone  
  71  4:40  Drone, Extractor  
  71  4:43  Drone  
  71  4:44  Drone x2  
  75  4:46  Drone  
  75  4:49  Hatchery  
  75  4:52  Overlord  
  76  4:59  Overlord  
  76  5:03  Overlord  
  76  5:04  Overlord  
  76  5:05  Overlord x2  
  76  5:06  Overlord  
  76  5:13  Roach x2  
  80  5:15  Spore Crawler  
  80  5:18  Roach x4  
  80  5:19  Roach  
  89  5:22  Roach  
  89  5:24  Lair  
  89  5:25  Roach  
  89  5:27  Roach x3  
  89  5:28  Evolution Chamber, Roach  
  100  5:29  Roach  
  100  5:30  Roach  
  100  5:33  Roach  
  106  5:38  Roach  
  106  5:41  Roach  
  109  5:44  Roach  
  109  5:49  Roach  
  113  5:50  Roach, Extractor  
  113  5:54  Ravager x3, Roach x2  
  113  5:55  Ravager x3  
  124  5:57  Roach x3  
  124  6:01  Overlord  
  130  6:06  Roach  
  130  6:11  Overlord  
  130  6:12  Zerg Missile Weapons Level 1  
  130  6:15  Overlord, Roach  
  130  6:19  Spore Crawler, Roach x2  
  131  6:29  Roach  
  131  6:30  Hydralisk Den, Roach  
  131  6:31  Roach  
  135  6:33  Ravager x2  
  135  6:34  Roach  
  135  6:35  Roach x2  
  135  6:37  Ravager  
  135  6:38  Zergling x2  
  135  6:39  Zergling x14  
  150  6:45  Roach  
  150  6:47  Roach  
  139  6:50  Roach  
  139  6:51  Roach  
  135  6:54  Roach x2  
  135  6:59  Roach  
  135  7:00  Queen x2  
  134  7:02  Roach  
  134  7:07  Drone x2  
  127  7:13  Lurker Den  
  127  7:15  Drone  
  120  7:17  Drone  
  120  7:19  Hydralisk  
  120  7:21  Drone  
  122  7:25  Roach  
  122  7:27  Roach  
  122  7:28  Drone  
  122  7:29  Drone  
  124  7:33  Hydralisk  
  123  7:38  Drone x2  
  123  7:39  Drone  
  123  7:46  Overlord  
  123  7:47  Hydralisk  
  125  7:52  Roach  
  125  7:54  Queen  
  129  8:01  Hydralisk x2  
  129  8:05  Drone  
  134  8:07  Overlord  
  134  8:10  Overlord, Hydralisk  
  136  8:13  Ravager  
  136  8:14  Ravager x3  
  136  8:17  Overlord  
  136  8:19  Hydralisk  
  143  8:34  Drone  
  143  8:40  Lurker x5  
  148  8:42  Drone x4  
  148  8:44  Drone  
  148  8:46  Drone  
  148  8:48  Roach  
  156  8:52  Hatchery, Overlord  
  156  8:53  Drone  
  156  8:54  Overseer  
  156  8:56  Hydralisk  
  156  9:02  Hydralisk  
  156  9:03  Hydralisk  
  156  9:09  Hydralisk x2  
  160  9:14  Overlord  
  164  9:22  Spore Crawler  
  163  9:25  Glial Reconstitution  
  163  9:27  Lurker  
  163  9:28  Lurker  
  165  9:33  Drone x2  
  165  9:34  Hydralisk  
  169  9:40  Drone x2  
  171  9:46  Hydralisk  
  161  10:01  Hydralisk x3  
  161  10:02  Hydralisk x2  
  161  10:03  Hydralisk  
  161  10:07  Hydralisk x2  
  162  10:08  Roach x3  
  162  10:10  Drone  
  162  10:13  Roach  
  163  10:23  Hydralisk  
  165  10:29  Roach x2  
  165  10:33  Roach  
  160  10:36  Roach  
  160  10:40  Roach  
Show
View Real Time Build Order
Export as new Build Order

Probe Protoss - Winner!

Build Orders: Nexus First 

Get SALT Encoding   

  12  0:00  Probe (Chrono Boost)  
  13  0:11  Probe (Chrono Boost)  
  14  0:18  Pylon  
  14  0:22  Probe (Chrono Boost)  
  15  0:36  Probe (Chrono Boost)  
  16  0:47  Probe (Chrono Boost)  
  17  0:56  Nexus  
  17  1:07  Gateway  
  17  1:10  Probe (Chrono Boost)  
  18  1:16  Assimilator  
  18  1:21  Probe (Chrono Boost)  
  19  1:31  Probe (Chrono Boost)  
  20  1:42  Probe (Chrono Boost)  
  21  1:51  Nexus  
  22  1:54  Probe (Chrono Boost)  
  22  2:06  Cybernetics Core  
  22  2:07  Probe (Chrono Boost)  
  23  2:12  Probe (Chrono Boost)  
  24  2:18  Probe (Chrono Boost)  
  26  2:22  Assimilator  
  26  2:23  Probe (Chrono Boost)  
  26  2:29  Probe (Chrono Boost)  
  27  2:33  Probe (Chrono Boost)  
  28  2:44  Mothership Core (Chrono Boost), Probe (Chrono Boost), Pylon  
  31  2:46  Warp Gate  
  31  2:49  Adept  
  33  2:54  Probe (Chrono Boost)  
  34  3:02  Probe (Chrono Boost)  
  34  3:03  Probe (Chrono Boost)  
  34  3:05  Probe (Chrono Boost)  
  37  3:11  Twilight Council  
  37  3:13  Probe (Chrono Boost)  
  37  3:14  Probe (Chrono Boost)  
  37  3:15  Probe (Chrono Boost)  
  40  3:20  Pylon  
  40  3:23  Probe (Chrono Boost)  
  40  3:25  Probe (Chrono Boost)  
  40  3:26  Probe (Chrono Boost)  
  44  3:34  Probe (Chrono Boost)  
  44  3:35  Probe (Chrono Boost)  
  44  3:37  Probe (Chrono Boost)  
  46  3:44  Probe (Chrono Boost)  
  46  3:46  Probe (Chrono Boost), Gateway  
  46  3:48  Gateway  
  48  3:51  Probe (Chrono Boost)  
  48  3:52  Assimilator  
  48  3:55  Probe x2 (Chrono Boost)  
  50  3:57  Resonating Glaives (Chrono Boost), Assimilator  
  50  4:01  Probe  
  52  4:05  Probe, Pylon  
  52  4:07  Probe  
  54  4:11  Sentry, Probe  
  54  4:15  Probe  
  57  4:20  Probe  
  57  4:21  Robotics Facility  
  57  4:22  Probe  
  60  4:26  Gateway, Probe  
  61  4:33  Probe  
  61  4:35  Probe  
  61  4:36  Gateway  
  61  4:37  Probe  
  61  4:38  Gateway  
  63  4:43  Pylon  
  64  4:47  Pylon  
  64  4:50  Sentry x3, Probe  
  64  4:52  Probe x2  
  73  5:01  Probe  
  73  5:03  Probe  
  73  5:04  Probe  
  76  5:07  Gateway  
  76  5:09  Gateway  
  76  5:11  Gateway  
  76  5:12  Gateway, Warp Prism (Chrono Boost)  
  78  5:17  Forge  
  78  5:18  Blink (Chrono Boost)  
  78  5:23  Gateway  
  78  5:24  Gateway  
  78  5:27  Gateway  
  78  5:31  Gateway  
  78  5:33  Pylon  
  78  5:39  Adept x2  
  78  5:41  Adept  
  84  5:44  Observer (Chrono Boost)  
  85  5:56  Probe  
  85  5:57  Probe, Pylon, Assimilator  
  85  6:00  Observer (Chrono Boost), Pylon  
  85  6:01  Assimilator  
  85  6:03  Protoss Ground Weapons Level 1 (Chrono Boost)  
  88  6:07  Pylon  
  88  6:09  Stalker x3, Pylon  
  94  6:11  Pylon  
  94  6:15  Stalker x2, Pylon  
  98  6:27  Stalker x2  
  98  6:28  Stalker x2  
  106  6:33  Stalker x2  
  106  6:35  Adept x2  
  106  6:38  Stalker  
  110  6:51  Adept  
  110  6:52  Adept x4  
  110  6:54  Stalker x2  
  116  6:59  Sentry  
  117  7:02  Stalker  
  117  7:03  Stalker  
  117  7:04  Pylon  
  121  7:11  Stalker  
  123  7:16  Adept x4  
  125  7:27  Stalker  
  125  7:28  Stalker x2  
  125  7:29  Adept  
  127  7:33  Immortal  
  125  7:41  Probe x2  
  125  7:42  Adept  
  125  7:43  Adept x4  
  137  8:04  Pylon  
  137  8:07  Pylon  
  137  8:09  Immortal, Pylon  
  137  8:14  Pylon  
  137  8:19  Robotics Bay  
  141  8:33  Charge  
  141  8:35  Nexus  
  141  8:36  Robotics Facility  
  141  8:38  Pylon  
  141  8:40  Pylon  
  141  8:43  Adept x8  
  141  8:45  Observer  
  158  8:50  Adept x3  
  164  8:55  Adept  
  166  9:03  Photon Cannon  
  166  9:05  Photon Cannon  
  166  9:08  Disruptor (Chrono Boost)  
  169  9:27  Disruptor (Chrono Boost)  
  172  9:38  Assimilator  
  172  9:42  Disruptor (Chrono Boost)  
  172  9:43  Assimilator  
  173  9:51  Adept x8  
  185  9:59  Disruptor (Chrono Boost)  
  154  10:09  Stalker  
  154  10:10  Stalker x2  
  154  10:13  Disruptor (Chrono Boost)  
  139  10:17  Stalker x3  
  145  10:22  Stalker x2  
  145  10:25  Pylon  
  149  10:30  Disruptor (Chrono Boost)  
  149  10:31  Pylon  
  152  10:37  Stalker  
  152  10:38  Stalker x3  
  153  10:50  Stalker x4  

Tags
 
Add a new tag
Caveats
  • Supply blocks, unpowered buildings, or Contaminate may cause inaccurate times.
  • Supply counts are checked every 10 seconds.